Map: Cyber Forest LE

Players

Dekernet

  • Race: Zerg Zerg
  • League: Master
  • Spawn Location: 5:00

Mez - Winner!

  • Race: Terran Terran
  • League: Master
  • Spawn Location: 11:00

VOD

Have the link to the VOD?

Description

Time

  • Played on: Aug. 5, 2019, 6:06 a.m.
  • Length: 5:20
Show
View Real Time Build Order
Export as new Build Order

Dekernet Zerg 

Build Orders: Pool Only, Ravager All-In 

Get SALT Encoding   

  12  0:01  Drone  
  13  0:24  Drone, Spawning Pool  
  13  0:29  Drone  
  14  0:40  Overlord  
  14  0:55  Drone, Extractor x2  
  14  0:56  Drone  
  14  1:00  Drone  
  15  1:12  Zergling x2, Roach Warren  
  15  1:19  Overlord  
  15  1:52  Roach  
  15  1:53  Roach x2  
  21  2:06  Roach  
  23  2:14  Ravager x2  
  24  2:19  Ravager  
  25  2:30  Roach x2  
  29  2:38  Overlord  
  30  2:44  Ravager  
  30  2:57  Roach  
  32  3:07  Roach  
  34  3:13  Ravager  
  35  3:25  Ravager  
  35  3:26  Overlord  
  36  3:33  Roach  
  38  3:46  Roach  
  40  3:52  Roach  
  40  3:55  Ravager  
  40  4:13  Roach x2  
  36  4:22  Ravager  
  36  4:23  Ravager  
  38  4:39  Overlord  
  38  4:50  Overlord  
  36  4:55  Overlord  
Show
View Real Time Build Order
Export as new Build Order

Mez Terran - Winner!

Build Orders: Reaper Expand 

Get SALT Encoding   

  12  0:00  SCV  
  13  0:13  SCV  
  14  0:17  Supply Depot  
  14  0:25  SCV  
  15  0:39  SCV  
  15  0:41  Barracks  
  16  0:46  Refinery  
  16  0:51  SCV  
  17  1:03  SCV  
  18  1:15  SCV  
  19  1:29  Reaper, Orbital Command  
  20  1:41  Command Center  
  20  1:51  Supply Depot  
  20  1:56  SCV  
  21  2:03  Marine  
  22  2:16  Bunker  
  22  2:19  SCV  
  23  2:26  Marine  
  23  2:33  Factory  
  23  2:47  Barracks Tech Lab  
  23  2:51  SCV  
  24  3:01  Orbital Command  
  24  3:08  Marauder  
  26  3:25  SCV  
  25  3:27  SCV  
  26  3:38  Cyclone, SCV  
  26  3:39  SCV  
  31  3:46  Marine  
  32  3:50  SCV  
  32  3:51  SCV  
  34  4:01  Supply Depot  
  34  4:02  SCV  
  35  4:03  SCV  
  35  4:13  Cyclone  
  35  4:14  SCV  
  34  4:22  Bunker  
  32  4:34  Marine  
  32  4:35  SCV  
  34  4:47  SCV  
  34  4:48  SCV  
  36  5:06  SCV x2  
Tags
 
Add a new tag
Caveats
  • Supply blocks, unpowered buildings, or Contaminate may cause inaccurate times.
  • Supply counts are checked every 10 seconds.